 Dungeon Sprint DCSS version 0.28.0-43-g3370ac3207 (webtiles) character file.

Game seed: 9991826864717431912

19469 boopmooplesden the Slayer (level 12, -8/123 HPs)
             Began as a Minotaur Berserker on Mar 28, 2022.
             Was the Champion of Trog.
             Succumbed to poison (poison gas)
             ... in the Dungeon (Sprint I: "Red Sonja").
             The game lasted 00:09:48 (3431 turns).

boopmooplesden the Slayer (Minotaur Berserker)      Turns: 3431, Time: 00:09:48

Health: -8/123     AC: 18    Str: 30    XL:     12   Next: 36%
Magic:  8/11       EV: 17    Int:  4    God:    Trog [******]
Gold:   956        SH:  0    Dex: 22    Spells: 11/11 levels left

rFire   + . .      SeeInvis .   a - +12 war axe "Azei" {freeze, Str+2}
rCold   + + .      Faith    .   (no shield)
rNeg    . . .      Spirit   +   t - +0 plate armour of the Hills {rC++ Str-3 Dex+5}
rPois   .          Reflect  .   u - +2 hat of the Bear Spirit {Spirit, *Rage Will++}
rElec   .          Harm     .   (no cloak)
rCorr   .          Rampage  .   (no gloves)
Will    ++...      Rage     21% (no boots)
Stlth   .......... NoTele   +   (no amulet)
HPRegen 0.30/turn               s - ring "Roroussuadd" {rF+ Str+6 Dex+5}
MPRegen 0.12/turn               (no ring)

@: lethally poisoned (-8 -> -86), on berserk cooldown, slowed, very slow
A: horns 2, retaliatory headbutt, berserk 1, deterioration 1, frail 1, screaming
1
a: Renounce Religion, Berserk, Trog's Hand, Brothers in Arms


You were in the Dungeon.
You worshipped Trog.
Trog was exalted by your worship.
You visited 1 branch You collected 2542 gold pieces.
You spent 1586 gold pieces at shops.

Inventory:

Hand Weapons
 a - the +12 war axe "Azei" (weapon) {freeze, Str+2}
   (You bought it in a shop in the Dungeon)

   It freezes those it strikes, dealing additional cold damage.
   It can also slow down cold-blooded creatures.
   Str:       It affects your strength (+2).
 b - the +9 heavy crossbow "Sniper" {vorpal, Acc+∞ SInv}
   (You found it in the Dungeon)

   Any ammunition fired from it inflicts extra damage upon your enemies.
   Any ammunition fired from it never misses its target.
   SInv:      It lets you see invisible.
 c - a +3 antimagic great sword
 r - a +0 hand axe
 w - a +4 war axe of flaming
 A - a +1 broad axe of flaming
 B - a +3 executioner's axe of flaming
 C - a +0 spear
Missiles
 k - 3 javelins (quivered)
 q - 35 arrows
 y - 21 bolts
Armour
 h - a +0 ring mail
 j - a +0 leather armour
 m - a +2 troll leather armour
 o - a +0 animal skin
 t - the +0 plate armour of the Hills (worn) {rC++ Str-3 Dex+5}
   (You bought it in a shop in the Dungeon)

   Str:       It affects your strength (-3).
   Dex:       It affects your dexterity (+5).
   rC:        It greatly protects you from cold.
 u - the +2 hat of the Bear Spirit (worn) {Spirit, *Rage Will++}
   (You bought it in a shop in the Dungeon)

   Going berserk makes the wearer tougher, and they're slowed less afterward.
   *Rage:     It berserks you when you make melee attacks (+20% chance).
   Will:      It greatly increases your willpower.
Jewellery
 s - the ring "Roroussuadd" (left hand) {rF+ Str+6 Dex+5}
   (You bought it in a shop in the Dungeon)

   [ring of strength]

   Str:       It affects your strength (+6).
   Dex:       It affects your dexterity (+5).
   rF:        It protects you from fire.
Wands
 i - a wand of polymorph (2)
Scrolls
 p - a scroll of identify
Potions
 e - a potion of haste
 f - 2 potions of magic
 g - a potion of berserk rage
 l - a potion of might
 n - a potion of invisibility
 v - a potion of curing


   Skills:
 + Level 21.7 Fighting
 + Level 11.4 Long Blades
 + Level 21.0 Axes
 + Level 6.1 Crossbows
 + Level 2.5 Throwing
 + Level 13.3 Armour
 + Level 12.9 Dodging
 + Level 2.7 Stealth
 + Level 3.7 Unarmed Combat


You had 11 spell levels left.
You didn't know any spells.
Your spell library was empty.

Dungeon Overview and Level Annotations

Branches:
Dungeon (1/1)

Altars:
Cheibriados
Dithmenos
Elyvilon
Fedhas
Gozag
Hepliaklqana
Kikubaaqudgha
Makhleb
Nemelex Xobeh
Okawaru
Qazlal
Ru
Sif Muna
Trog
Uskayaw
Vehumet
Wu Jian
Xom
Yredelemnul
Zin
The Shining One
Jiyva
Lugonu

Shops:
D =*!?*[*([(=([[*=?::[:


Innate Abilities, Weirdness & Mutations

You have a pair of horns on your head.
You reflexively headbutt those who attack you in melee.
You tend to lose your temper in combat.
Your body sometimes deteriorates upon taking damage.
You are frail. (-10% HP)
You occasionally shout uncontrollably at your foes.


Message History

You feel extremely sick. The shadow dragon misses you. You furiously retaliate!
You headbutt the shadow dragon.
The shadow dragon claws you but does no damage.
The shadow dragon closely misses you.
You slash the shadow dragon! You freeze the shadow dragon.
Your headbutt misses the shadow dragon.
The shadow dragon is almost dead.
You are engulfed in poison gas.
You are more poisoned.
You feel extremely sick.
You hit the shadow dragon. You headbutt the shadow dragon!
The shadow dragon is almost dead.
You are engulfed in poison gas.
You are more poisoned.
You feel extremely sick. The shadow dragon bites you.
The shadow dragon claws you.
The shadow dragon claws you but does no damage.
You slash the shadow dragon!
You kill the shadow dragon!
Trog accepts your kill.
The shadow dragon scales are intact enough to wear.
You are engulfed in poison gas.
You are more poisoned.
You feel extremely sick.
Your Axes skill increases to level 21!
Your Crossbows skill increases to level 6!
* * * LOW HITPOINT WARNING * * *
You feel extremely sick.
Things that are here:
+0 gold dragon scales; a golden dragon corpse You feel a strong urge to attack something.
* * * LOW HITPOINT WARNING * * *
You feel extremely sick.
You are no longer berserk.
You are exhausted.
You feel yourself slow down.
* * * LOW HITPOINT WARNING * * *
You feel extremely sick.
You die...

##################
§§.§..'..#..§.§§§#
.§§§.##..)§§#§§§@##
#§§§#######§#§§§§§#
###)# |=##.†#.§§§§#
#§##$$$#..##§.§§#
#..###$#..≈###)##
##.#A#$#(.≈.)#§#
#..###$#..≈.##§#
#.##..$#..≈##.§.
#.. +###..≈#...§.


There were no monsters in sight!

Vanquished Creatures
  A golden dragon (D)
  A shadow dragon (D)
  A deep elf annihilator (D)
  A hydra (D)
  2 centaur warriors (D)
  Sonja (D)
  A deep troll (D)
  A lindwurm (D)
  An oklob plant (D)
  8 shining eyes (D)
  2 merfolk sirens (D)
  A gargoyle (D)
  4 demonic crawlers (D)
  7 unseen horrors (D)
  2 kobold demonologists (D)
  A hellwing (D)
  5 hornets (D)
  A slime creature (D)
  Sigmund (D)
  A yak (D)
  13 hogs (D)
  2 redbacks (D)
  7 floating eyes (D)
  7 necrophages (D)
  An ogre (D)
  8 jellies (D)
  Ijyb (D)
82 creatures vanquished.

Vanquished Creatures (others)
  A gargoyle (D)
  2 ballistomycete spores (D)
3 creatures vanquished.

Grand Total: 85 creatures vanquished

Notes
Turn   | Place    | Note
-------+----------+-------------------------------------------
     0 | D        | boopmooplesden the Minotaur Berserker began the quest for
                  | the Orb.
     0 | D        | Reached XP level 1. HP: 19/19 MP: 0/0
     1 | D        | Noticed Ijyb
     6 | D        | Killed Ijyb
     7 | D        | Reached skill level 5 in Fighting
     7 | D        | Reached skill level 5 in Axes
     7 | D        | Reached XP level 2. HP: 29/29 MP: 1/1
    50 | D        | Noticed an ogre
    55 | D        | Killed an ogre
    56 | D        | Reached skill level 1 in Unarmed Combat
    56 | D        | Reached XP level 3. HP: 20/39 MP: 2/2
    56 | D        | Reached XP level 4. HP: 24/47 MP: 3/3
   248 | D        | Noticed Sigmund
   251 | D        | Killed Sigmund
   251 | D        | Reached ** piety under Trog
   252 | D        | Reached skill level 10 in Axes
   252 | D        | Reached skill level 5 in Armour
   252 | D        | Reached XP level 5. HP: 57/57 MP: 4/4
   265 | D        | Found a burning altar of Makhleb.
   265 | D        | Found a viscous altar of Jiyva.
   265 | D        | Found a shimmering altar of Xom.
   265 | D        | Found a corrupted altar of Lugonu.
   265 | D        | Noticed a slime creature
   278 | D        | Killed a slime creature
   279 | D        | Reached skill level 5 in Dodging
   279 | D        | Reached XP level 6. HP: 4/68 MP: 5/5
   579 | D        | Noticed a kobold demonologist
   579 | D        | Noticed a floating eye
   581 | D        | Noticed a kobold demonologist
   583 | D        | Noticed an orange demon
   586 | D        | Paralysed by a floating eye for 3 turns
   590 | D        | Killed a kobold demonologist
   591 | D        | Reached XP level 7. HP: 68/77 MP: 6/6
   591 | D        | Killed a kobold demonologist
   591 | D        | Reached *** piety under Trog
   596 | D        | Reached XP level 8. HP: 35/86 MP: 7/7
   620 | D        | Found an ornate altar of the Wu Jian Council.
   620 | D        | Found a shimmering blue altar of Sif Muna.
   841 | D        | Found a radiant altar of Vehumet.
   875 | D        | Killed a gargoyle
   876 | D        | Found Witt's Magic Scroll Emporium.
   876 | D        | Found an ancient bone altar of Kikubaaqudgha.
   876 | D        | Found a hazy altar of Hepliaklqana.
   876 | D        | Found a hide-covered altar of Uskayaw.
   876 | D        | Found a basalt altar of Yredelemnul.
   876 | D        | Found an opulent altar of Gozag.
   876 | D        | Found a snail-covered altar of Cheibriados.
   876 | D        | Found a sacrificial altar of Ru.
   876 | D        | Found a shadowy altar of Dithmenos.
   877 | D        | Found a stormy altar of Qazlal.
   877 | D        | Found a blossoming altar of Fedhas.
   877 | D        | Found a bloodstained altar of Trog.
   877 | D        | Found an iron altar of Okawaru.
   877 | D        | Found a glowing golden altar of the Shining One.
   877 | D        | Found a glowing silver altar of Zin.
   877 | D        | Found a white marble altar of Elyvilon.
   881 | D        | Reached **** piety under Trog
   882 | D        | Found a sparkling altar of Nemelex Xobeh.
   982 | D        | Noticed a centaur warrior
   982 | D        | Noticed a centaur warrior
   991 | D        | Killed a centaur warrior
   992 | D        | Reached skill level 15 in Axes
   994 | D        | Killed a centaur warrior
   995 | D        | Reached skill level 15 in Fighting
   995 | D        | Reached XP level 9. HP: 91/97 MP: 8/8
  1134 | D        | Noticed a deep troll
  1142 | D        | Killed a deep troll
  1154 | D        | Found Efax Dyoscha's Armour Emporium.
  1310 | D        | Paralysed by a hornet for 3 turns
  1465 | D        | Noticed an oklob plant
  1470 | D        | Killed an oklob plant
  1490 | D        | Reached ***** piety under Trog
  1554 | D        | Killed an unseen horror
  1555 | D        | Reached XP level 10. HP: 109/110 MP: 9/9
  1558 | D        | Reached skill level 1 in Stealth
  1630 | D        | Received a gift from Trog
  1734 | D        | Found the +9 heavy crossbow "Sniper" {vorpal, Acc+∞ SInv}
  1739 | D        | Reached skill level 10 in Dodging
  1746 | D        | Reached skill level 1 in Long Blades
  1748 | D        | Reached ****** piety under Trog
  1775 | D        | Found Nuymp's Antique Weapon Shoppe.
  1775 | D        | Found Zebuwn's Assorted Antiques.
  1775 | D        | Found Wilo's Armour Boutique.
  1777 | D        | Found Burij's Weapon Emporium.
  1777 | D        | Found Cemenegu's Jewellery Shop.
  1777 | D        | Found Mimi's Antique Weapon Shoppe.
  1777 | D        | Found Tadghoefo's Armour Boutique.
  1777 | D        | Found Pomuzoz's Armour Emporium.
  1777 | D        | Found Jenask's Assorted Antiques.
  1777 | D        | Found Vydghostur's Jewellery Shoppe.
  1778 | D        | Bought a polished war axe for 238 gold pieces
  1778 | D        | Identified the +12 war axe "Azei" {freeze, Str+2} (You
                  | bought it in a shop in the Dungeon)
  1781 | D        | Bought a warped lapis lazuli ring for 130 gold pieces
  1781 | D        | Identified the ring "Roroussuadd" {rF+ Str+6 Dex+5} (You
                  | bought it in a shop in the Dungeon)
  1783 | D        | Found Lupnih's Magic Scroll Boutique.
  1785 | D        | Bought the +0 plate armour of the Hills {rC++ Str-3 Dex+5}
                  | for 672 gold pieces
  1796 | D        | Found Kifax's Book Emporium.
  1796 | D        | Found Gunleiso's Book Boutique.
  1797 | D        | Found Dateiwun's Book Emporium.
  1799 | D        | Bought the +2 hat of the Bear Spirit {Spirit, *Rage Will++}
                  | for 293 gold pieces
  1799 | D        | Found the +2 hat of the Bear Spirit {Spirit, *Rage Will++}
  1844 | D        | Noticed Sonja
  1852 | D        | Killed Sonja
  2192 | D        | Found Xiqir's Jewellery Boutique.
  2194 | D        | Noticed a shining eye
  2194 | D        | Noticed a shining eye
  2194 | D        | Noticed a shining eye
  2195 | D        | Paralysed by a floating eye for 3 turns
  2199 | D        | Received a gift from Trog
  2200 | D        | Noticed a shining eye
  2200 | D        | Noticed a shining eye
  2200 | D        | Noticed a shining eye
  2200 | D        | Gained mutation: You are dopey. (Int -2) [a shining eye]
  2201 | D        | Paralysed by a floating eye for 2 turns
  2204 | D        | Killed a shining eye
  2205 | D        | Reached skill level 5 in Long Blades
  2205 | D        | Killed a shining eye
  2206 | D        | Killed a shining eye
  2206 | D        | Killed a shining eye
  2207 | D        | Reached skill level 1 in Throwing
  2207 | D        | Reached skill level 10 in Armour
  2207 | D        | Killed a shining eye
  2208 | D        | Reached XP level 11. HP: 122/122 MP: 10/10
  2208 | D        | Noticed a shining eye
  2208 | D        | Noticed a shining eye
  2210 | D        | Gained mutation: You have hidden genetic defects. [a
                  | shining eye]
  2211 | D        | Killed a shining eye
  2217 | D        | Killed a shining eye
  2220 | D        | Gained mutation: Your body sometimes deteriorates upon
                  | taking damage. [a shining eye]
  2222 | D        | Killed a shining eye
  2283 | D        | Bought 23 bolts for 59 gold pieces
  2334 | D        | Found Erinn's Assorted Antiques.
  2334 | D        | Found Rikeeck's Assorted Antiques.
  2334 | D        | Found Fuxiju's Armour Boutique.
  2334 | D        | Found Voitapiu's Distillery.
  2339 | D        | Bought 2 scrolls labelled DUDEMN KESOWN for 50 gold pieces
  2348 | D        | Bought a potion of mutation for 96 gold pieces
  2348 | D        | Lost mutation: You are dopey. (Int -2) [potion of mutation]
  2348 | D        | Lost mutation: Your body sometimes deteriorates upon taking
                  | damage. [potion of mutation]
  2348 | D        | Gained mutation: You occasionally shout uncontrollably at
                  | your foes. [potion of mutation]
  2348 | D        | Gained mutation: Your body sometimes deteriorates upon
                  | taking damage. [potion of mutation]
  2351 | D        | Bought a scroll labelled BUJECZEIQA for 24 gold pieces
  2351 | D        | Bought a scroll labelled BUJECZEIQA for 24 gold pieces
  2402 | D        | Received a gift from Trog
  2416 | D        | Gained mutation: You are frail. (-10% HP) [hidden defects]
  2422 | D        | Noticed a lindwurm
  2428 | D        | Killed a lindwurm
  2440 | D        | Received a gift from Trog
  2441 | D        | Reached skill level 10 in Long Blades
  2450 | D        | Received a gift from Trog
  2460 | D        | Gained mutation: You tend to lose your temper in combat.
                  | [hidden defects]
  2460 | D        | Lost mutation: You have hidden genetic defects. [hidden
                  | defects expressed]
  2479 | D        | Noticed a 12-headed hydra
  2482 | D        | Killed a nine-headed hydra
  2559 | D        | Noticed a daeva
  2570 | D        | Received a gift from Trog
  2574 | D        | Reached skill level 1 in Crossbows
  2855 | D        | Noticed a deep elf annihilator
  2864 | D        | Received a gift from Trog
  2865 | D        | Reached XP level 12. HP: 47/120 MP: 9/11
  3135 | D        | Killed a deep elf annihilator
  3405 | D        | Noticed a shadow dragon
  3405 | D        | Noticed a golden dragon
  3420 | D        | Killed a golden dragon
  3420 | D        | Received a gift from Trog
  3421 | D        | Reached skill level 5 in Crossbows
  3427 | D        | Killed a shadow dragon
  3431 | D        | Succumbed to poison (poison gas)

Illustrated notes

Levels and vault maps discovered:
D:        dungeon_sprint_1 [red_sonja_temple_1, red_sonja_temple_small_1]

Skill      XL: |  1  2  3  4  5  6  7  8  9 10 11 12 |
---------------+-------------------------------------+-----
Fighting       | 5 7 9 11 12 13 15 16 19 20 21 | 21.7
Axes           | 5 7 10 11 12 13 16 17 18 20 21 | 21.0
Armour         | 3 4 5 6 7 8 10 12 13 | 13.3
Dodging        | 3 4 5 6 8 9 11 12 | 12.9
Unarmed Combat | 1 2 3 |  3.7
Stealth        | 2 |  2.7
Long Blades    | 7 11 | 11.4
Throwing       | 1 2 |  2.5
Crossbows      | 2 6 |  6.1

Action                   |  1- 3 |  4- 6 |  7- 9 | 10-12 || total
-------------------------+-------+-------+-------+-------++-------
Melee: Unarmed           |     3 |       |       |       ||     3
       Hand axe          |     4 |    20 |    57 |    36 ||   117
       Headbutt          |     1 |     6 |    14 |    25 ||    46
       Punch             |     1 |       |     1 |     4 ||     6
       Great sword       |       |       |       |    12 ||    12
       War axe           |       |       |       |    78 ||    78
       Broad axe         |       |       |       |     4 ||     4
 Fire: Heavy crossbow    |       |       |       |    17 ||    17
Throw: Javelin           |       |       |       |     2 ||     2
Invok: Berserk           |     2 |     2 |     5 |     6 ||    15
  Use: Scroll            |       |       |     1 |     7 ||     8
       Potion            |       |       |     2 |     2 ||     4
 Stab: Sleeping          |       |       |       |     1 ||     1
Armor: Leather armour    |       |     4 |     7 |       ||    11
       Troll leather arm |       |       |     5 |    13 ||    18
       Ring mail         |       |       |     1 |       ||     1
       Plate armour      |       |       |       |    39 ||    39
Dodge: Dodged            |     1 |     9 |    29 |   115 ||   154
